 Dungeon Crawl Stone Soup version 0.29.1-4-g47bece8355 (webtiles) character file.

Game seed: 15926788069453515936

323 sanboga the Ruffian (level 6, 0/61 HPs)
             Began as a Troll Monk on Dec 9, 2022.
             Engulfed by a cloud of steam (2 damage)
             ... on level 7 of the Dungeon.
             The game lasted 00:03:10 (2053 turns).

sanboga the Ruffian (Troll Monk)                    Turns: 2053, Time: 00:03:11

Health: 0/61       AC:  4    Str: 21 (22) XL:     6   Next: 23%
Magic:  5/5        EV: 10    Int:  6      God:
Gold:   96         SH:  0    Dex: 10 (12) Spells: 5/5 levels left

rFire   . . .      SeeInvis .     - Unarmed
rCold   . . .      Faith    .   (no shield)
rNeg    . . .      Spirit   .   a - +0 robe
rPois   .          Reflect  .   (helmet restricted)
rElec   .          Harm     .   (no cloak)
rCorr   .          Rampage  .   (gloves unavailable)
Will    .....                   (boots unavailable)
Stlth   +.........              (no amulet)
HPRegen 1.00/turn               (no ring)
MPRegen 0.09/turn               (no ring)

@: no status effects
A: large, unfitting armour, claws 3, regeneration 1, shaggy fur 1, tough skin 1
a: no special abilities


You were on level 7 of the Dungeon.
You visited 1 branch of the dungeon, and saw 5 of its levels.

You collected 96 gold pieces.

Inventory:

Armour
 a - a +0 robe (worn)
Scrolls
 d - a scroll of identify {unknown}
 e - 2 scrolls of blinking {unknown}
 f - 3 scrolls of noise {unknown}
 g - 2 scrolls of poison {unknown}
 i - 2 scrolls of magic mapping {unknown}
 k - 2 scrolls of teleportation {unknown}
 l - 3 scrolls of immolation {unknown}
Potions
 b - a potion of ambrosia
 c - 3 potions of curing
 h - a potion of degeneration
 j - a potion of attraction
 n - a potion of flight {unknown}


   Skills:
 + Level 3.5 Fighting
 + Level 3.5 Dodging
 - Level 1.0 Stealth
 * Level 5.4 Unarmed Combat


You had 5 spell levels left.
You didn't know any spells.
Your spell library contained the following spells:

 Spells                   Type           Power      Damage    Failure   Level
 Foxfire                  Conj/Fire      0%         2x1d4     45%         1
 Summon Small Mammal      Summ           0%         N/A       45%         1
 Poisonous Vapours        Pois/Air       0%         N/A       58%         2
 Call Canine Familiar     Summ           0%         N/A       83%         3
 Conjure Flame            Conj/Fire      0%         6-21      83%         3
 Inner Flame              Hex/Fire       0%         N/A       83%         3
 Summon Guardian Golem    Hex/Summ       0%         N/A       83%         3
 Corpse Rot               Necr/Pois/Air  0%         N/A       99%         4
 Flame Wave               Conj/Fire      0%         2d4       99%         4


Dungeon Overview and Level Annotations

Branches:
Dungeon (4/15)
 Temple: D:4-7

Altars:

Shops:
D:2 [

Annotations:
D:3 1 runed translucent door


Innate Abilities, Weirdness & Mutations

You are too large for most types of armour.
You have claws for hands.
Your natural rate of healing is unusually fast.
You are covered in fur. (AC +1)
You have tough skin. (AC +1)


Message History

You claw the orc!
You kill the orc!
You see here a +0 hand axe.
A sourceless malevolence fills the Dungeon...
You fall into a shaft and drop 3 floors!
The shaft crumbles and collapses.
A steam dragon comes into view.
Found 3 stones.
The steam dragon hisses angrily.
The steam dragon breathes steam at you. The ball of steam hits you!
The steam dragon moves out of view.
You are engulfed in a cloud of scalding steam.
You scratch the steam dragon.
The steam dragon is lightly wounded.
You scratch the steam dragon but do no damage.
The steam dragon is lightly wounded.
The steam dragon bites you! The steam dragon misses you.
You claw the steam dragon!
The steam dragon is moderately wounded.
The steam dragon barely misses you. The steam dragon claws you.
You claw the steam dragon!
The steam dragon is severely wounded.
The steam dragon closely misses you. The steam dragon claws you.
You closely miss the steam dragon.
The steam dragon is severely wounded.
The steam dragon breathes steam at you. The ball of steam hits you!!
* * * LOW HITPOINT WARNING * * *
You hear an angry growl.
You scratch the steam dragon.
The steam dragon is almost dead.
You are engulfed in a cloud of scalding steam.
* * * LOW HITPOINT WARNING * * *
The steam dragon breathes steam at you. The ball of steam hits you!
* * * LOW HITPOINT WARNING * * *
You claw the steam dragon!
You kill the steam dragon!
You are engulfed in a cloud of scalding steam.
You die...

#.## #.# #.#
#.# ##.##
#...# . #...#
...
#..§####...##
#..§§@.......
#..§§§.......
#............
#.........(..
#...#########
#...# #####


There were no monsters in sight!

Vanquished Creatures
  A steam dragon (D:7)
  The ghost of GigaChad the Covered, an amateur MiFi (D:3)
  A bullfrog (D:3)
  Terence (D:2)
  An orc wizard (D:3)
  Robin (D:2)
  A river rat (D:3)
  An adder (D:3)
  3 worms
  A dart slug (D:2)
  5 orcs
  6 ball pythons
  4 endoplasms
  4 giant cockroaches
  17 goblins
  4 hobgoblins
  7 jackals (D:1)
  2 kobolds (D:2)
  2 quokkas
  2 bats
  2 frilled lizards
  8 rats
75 creatures vanquished.

Notes
Turn   | Place    | Note
-------+----------+-------------------------------------------
     0 | D:1      | sanboga the Troll Monk began the quest for the Orb.
     0 | D:1      | Reached XP level 1. HP: 22/22 MP: 0/0
    96 | D:1      | Reached XP level 2. HP: 29/29 MP: 1/1
   719 | D:2      | Noticed Robin
   727 | D:1      | Reached XP level 3. HP: 22/36 MP: 2/2
   787 | D:2      | Killed Robin
   834 | D:2      | Reached skill level 4 in Unarmed Combat
  1005 | D:2      | Noticed Terence
  1013 | D:2      | Reached XP level 4. HP: 44/44 MP: 3/3
  1016 | D:2      | Killed Terence
  1106 | D:2      | Found Repiej's Armour Shop.
  1447 | D:3      | Found a runed translucent door.
  1471 | D:3      | Noticed a bullfrog
  1472 | D:3      | Noticed GigaChad's ghost (amateur MiFi)
  1573 | D:3      | Reached XP level 5. HP: 51/53 MP: 4/4
  1798 | D:3      | Found a faded altar of an unknown god.
  1906 | D:3      | Found a runed translucent door.
  1948 | D:3      | Reached skill level 5 in Unarmed Combat
  1965 | D:3      | Killed GigaChad's ghost
  1966 | D:3      | Reached XP level 6. HP: 52/61 MP: 5/5
  2035 | D:4      | You fall into a shaft and drop 3 floors!
  2043 | D:7      | Noticed a steam dragon
  2052 | D:7      | HP: 2/61 [steam dragon/ball of steam (8)]
  2053 | D:7      | Killed a steam dragon
  2053 | D:7      | Engulfed by a cloud of steam

Illustrated notes

Levels and vault maps discovered:
D:1:      psy_arrival_radial01, layout_loops_ring
D:2:      layout_loops_ring, serial_shops, nicolae_shop_statue_plus,
          uniq_terence, uniq_robin
D:3:      layout_rooms, ebering_ghost_sewer_f,
          hellmonk_ecumenical_altar_arch_garden, serial_corexii_hall,
          chequers_hall_statues_y, chequers_hall_statues_wall_a,
          nicolae_elevator_lobby_asterisk
D:4:      minmay_chambers_of_twos, layout_basic, uniq_natasha
D:7:      layout_rooms

Skill      XL: |  1  2  3  4  5 |
---------------+----------------+-----
Unarmed Combat | 4 5 |  5.4
Fighting       | 3 |  3.5
Dodging        | 3 |  3.5
Stealth        | |  1.0

Action                   |  1- 3 |  4- 6 || total
-------------------------+-------+-------++-------
Melee: Unarmed           |   117 |    83 ||   200
       Punch             |     3 |     2 ||     5
  Use: Potion            |     2 |     3 ||     5
 Stab: Sleeping          |     4 |     1 ||     5
       Distracted        |     1 |       ||     1
Armor: Robe              |    28 |    20 ||    48
Dodge: Dodged            |    56 |    33 ||    89
